 Dungeon Crawl Stone Soup version 0.15-a0-1206-g3bad1a6 (webtiles) character file.

277949 MDvedh the Acrobat (level 19, -27/108 HPs)
             Began as a Spriggan Enchanter on May 30, 2014.
             Was the Champion of Dithmenos.
             Killed from afar by Jory (90 damage)
             ... with a crystal spear
             ... on Level 3 of the Vaults on June 1, 2014.
             The game lasted 04:19:49 (59624 turns).

MDvedh the Acrobat (Spriggan Enchanter)            Turns: 59624, Time: 04:19:49

HP -27/108       AC 12     Str 13      XL: 19   Next: 62%
MP  29/40        EV 40     Int 14      God: Dithmenos [******]
Gold 1248        SH 17     Dex 24      Spells:  7 memorised, 16 levels left

rFire  + + +     SeeInvis +     Q - +8 quick blade (drain)
rCold  + . .     Clarity  +     u - +4 robe of Night {+Inv MR+ SInv Stlth+}
rNeg   + . .     rCorr    .     g - -2 buckler of Pandemonium {+Fly rF++ Str+2 Stlth++}
rPois  +         rRot     .     a - +1 hat {SInv}
rElec  .         Spirit   .     d - +3 cloak of Beqiaf {rF+ Int-3}
SustAb .         Warding  .     (gloves unavailable)
rMut   .         Stasis   .     (boots unavailable)
Gourm  .                        c - amulet of clarity
MR     ++++.                    t - ring "Oluegusm" {rPois rN+}
                                k - ring of protection from cold

@: mighty, wreathed by umbra, very quick, incredibly resistant to hostile
enchantments, uncannily stealthy
A: unfitting armour, icy blue scales 1, camouflage 1, see invisible, herbivore
3, speed 3, slow metabolism 2, strong 1
a: Shadow Step, Shadow Form, Renounce Religion, Evoke Invisibility, Evoke Flight
}: 2/15 runes: decaying, gossamer


You were on level 3 of the Vaults.
You worshipped Dithmenos.
Dithmenos was exalted by your worship.
You were not hungry.

You visited 6 branches of the dungeon, and saw 40 of its levels.
You also visited: Labyrinth, Trove, Bailey and Ice Cave.

You collected 3190 gold pieces.
You spent 1942 gold pieces at shops.

Inventory:

Hand weapons
 w - a +1,+2 cutlass of electrocution
 Q - a +8,+8 quick blade of draining (weapon)
Armour
 a - a +1 hat of see invisible (worn)
 d - the +3 cloak of Beqiaf (worn) {rF+ Int-3}
   (You found it in a treasure trove)

   It affects your intelligence (-3).
   It protects you from fire.
 g - the -2 buckler of Pandemonium (worn) {+Fly rF++ Str+2 Stlth++}
   (You found it in a treasure trove)

   It affects your strength (+2).
   It greatly protects you from fire.
   It lets you fly.
   It makes you much more stealthy.
 u - the +4 robe of Night (worn) {+Inv MR+ SInv Stlth+}
   (You found it in a treasure trove)

   It affects your resistance to hostile enchantments.
   It enhances your eyesight.
   It lets you turn invisible.
   It makes you more stealthy.
Magical devices
 h - a wand of teleportation (2)
 i - a wand of teleportation (6)
 C - a wand of teleportation (0)
 L - a wand of disintegration (14)
 P - a wand of invisibility (6)
 R - a wand of hasting (5)
Comestibles
 q - 13 fruits
 r - 8 bread rations
 Y - 4 royal jellies
Scrolls
 l - 2 scrolls of recharging
 o - 4 scrolls of summoning
 p - 2 scrolls of blinking
 v - a scroll of silence
 A - a scroll of enchant armour
 D - 2 scrolls of magic mapping
 E - 11 scrolls of remove curse
 F - 9 scrolls of identify
 H - 4 scrolls of amnesia
 J - 4 scrolls of fear
 K - 11 scrolls of teleportation
 M - 4 scrolls of fog
Jewellery
 b - an uncursed ring of protection from magic
 c - an amulet of clarity (around neck)
 f - an uncursed amulet of faith
 k - a ring of protection from cold (left hand)
 t - the ring "Oluegusm" (right hand) {rPois rN+}
   (You took it off a minotaur in a labyrinth)

   [ring of poison resistance]

   It protects you from poison.
   It protects you from negative energy.
 x - an uncursed ring of teleportation
 I - an uncursed ring of wizardry
 V - a cursed ring of magical power
 Z - an uncursed ring of positive energy {unknown}
Potions
 e - 4 potions of porridge
 j - 23 potions of curing
 n - 8 potions of might
 s - 4 potions of haste
 z - a potion of restore abilities
 B - 3 potions of heal wounds
 N - 3 potions of magic
 O - a potion of resistance
 S - 5 potions of flight
 U - a potion of agility
 X - a potion of invisibility
Books
 m - a book of Dreams

   Spells                             Type                      Level
   *Ensorcelled Hibernation           Hexes/Ice                    2
   Flight                             Charms/Air                   3
   *Phase Shift                       Translocation                5
   Shadow Creatures                   Summoning                    5
   *Mass Confusion                    Hexes                        6
   Darkness                           Hexes                        7
 y - a book of Control

   Spells                             Type                      Level
   Control Teleport                   Charms/Translocation         4
   Control Undead                     Necromancy                   4
   *Enslavement                       Hexes                        4
   Metabolic Englaciation             Hexes/Ice                    5
   *Mass Confusion                    Hexes                        6
 W - the Catalogue of the Traveller and Self-Knowledge
   (You found it in a labyrinth)

   Spells                             Type                      Level
   Apportation                        Translocation                1
   Shroud of Golubria                 Charms/Translocation         2
   Blink                              Translocation                2
   Control Teleport                   Charms/Translocation         4
   *Passage of Golubria               Translocation                4
   Warp Weapon                        Charms/Translocation         5
   Summon Forest                      Summoning/Translocation      5
   Disjunction                        Translocation                8
Miscellaneous
 G - a phial of floods
 T - a stone of tremors


   Skills:
 - Level 15.0 Fighting
 - Level 14.1 Short Blades
 - Level 1.1 Throwing
 - Level 2.0 Armour
 - Level 21.2 Dodging
 - Level 17.1 Stealth
 + Level 10.1 Shields
 - Level 12.7 Spellcasting
 - Level 14.0 Hexes
 - Level 6.6 Charms
 - Level 7.3 Translocations


You had 16 spell levels left.
You knew the following spells:

 Your Spells              Type           Power        Failure   Level  Hunger
a - Ensorcelled Hibernat  Hex/Ice        ####..       1%          2    None
b - Ozocubu's Armour      Chrm/Ice       ###.......   10%         3    None
c - Enslavement           Hex            #####...     1%          4    ###....
d - Passage of Golubria   Tloc           N/A          4%          4    ###....
e - Mass Confusion        Hex            #####.....   4%          6    ######.
f - Confuse               Hex            #####...     1%          3    None
g - Phase Shift           Tloc           ####......   12%         5    ####...


Dungeon Overview and Level Annotations

Branches:
Dungeon (15/15)            Temple (0/1) D:7             Orc (4/4) D:9
    Elf (0/3) Orc:4          Lair (8/8) D:8           Swamp (5/5) Lair:5
 Spider (5/5) Lair:3        Slime (0/6) Lair:7       Vaults (3/5) D:13
  Crypt (0/3) Vaults:2     Depths (0/5) D:15
  Blade: Vaults:3-4

Altars:
Dithmenos
Elyvilon
Fedhas
Makhleb
Okawaru
Sif Muna
The Shining One
Beogh

Shops:
D:5 %!   D:10 *   D:11 (   Orc:3 [   Orc:4 %}*(![:   Vaults:3 [

Annotations:
D:4 Pikel
Vaults:3 Jory


Innate Abilities, Weirdness & Mutations

You are tiny and cannot use many weapons and most armour.
You have supernaturally acute eyesight.
You are a herbivore.
You cover ground extremely quickly.
You need consume almost no food.
You are partially covered in icy blue scales (AC +1).
Your skin changes colour to match your surroundings (Stealth).
Your muscles are strong. (Str +2)


Message History

You block the centaur warrior's attack. Jory hits you with a war axe!!
You emit a cloud of dark smoke.
You block Jory's attack.
You closely miss Jory.
Jory is almost destroyed.
You block the centaur's attack.
Unknown command.
You barely miss Jory.
Jory is almost destroyed.
Your shadow hits Jory but does no damage.
You block the centaur warrior's attack.
Unknown command.
You hit Jory.
Jory is almost destroyed.
You puncture Jory!
Jory is almost destroyed.
The centaur seems less confused.
You block the centaur's attack.
Jory points at you and mumbles some strange words.
The crystal spear hits you!
Ouch! That really hurt!
You die...

).# ).# ### ..# ### ######### ..#
###### #..§§.....######### ..#
##....## #.§.§.....#........ ..#
#......# #Vc§§.....#........ ..#
#....#'###§@§§.....#........
######.)..#.)##c§§§.....'...<....
).'..')...#..##§§§§.....#........
.)#..'.)..#.)##...(.....#........
..#..'....#.(##c........#########
).####....#..##.....<...# ..#
#....#'###.........# ..# #......#
<........ ### ##....## ...


You could see Jory, a centaur warrior and a centaur.

Vanquished Creatures
  Boris (Vaults:2)
  Saint Roka (Orc:4)
  Mara (Swamp:4)
  Norris (Swamp:4)
  Frederick (Vaults:2)
  Nikola (Swamp:3)
  Rupert (Lair:3)
  A thorn hunter (Swamp:4)
  Frances (Swamp:1)
  2 tengu reavers (Vaults:1)
  A sphinx (Vaults:3)
  Maud (Lair:3)
  A frost giant (IceCv)
  8 vault wardens
  4 rakshasas (Vaults:1)
  Wiglaf (Swamp:4)
  An orc warlord (Bailey)
  3 stone giants
  4 emperor scorpions
  3 ghost moths (Spider:5)
  2 deep elf demonologists (Vaults:2)
  A minotaur (Lab)
  A fire dragon (Vaults:1)
  8 yaktaur captains
  8 vault guards
  Josephine (Orc:4)
  2 great orbs of eyes
  A dire elephant (Lair:8)
  Aizul (Swamp:1)
  8 ironheart preservers
  Fannar (Lair:3)
  18 hydras
  A ravenous feature mimic (Vaults:3)
  An ice dragon (Vaults:2)
  Erica (Lair:3)
  2 dancing weapons (D:13)
  10 death yaks
  3 deep elf death magi
  7 alligators
  2 deep elf annihilators
  A deep troll shaman (Lair:8)
  4 ogre magi
  2 orc high priests (Orc:4)
  Nergalle (Lair:3)
  A fire crab (Vaults:2)
  8 spriggans
  2 iron trolls
  10 skeletal warriors
  16 orb spiders
  3 deep trolls (Vaults:3)
  2 orb spiders (shapeshifter)
  An ice statue (IceCv)
  2 deep elf knights
  13 centaur warriors
  4 giant orange brains
  14 ironbrand convokers
  Joseph (D:10)
  7 hill giants
  2 unseen horrors
  32 wolf spiders
  A spriggan druid (Swamp:5)
  11 swamp dragons
  4 wizards
  A tengu skeleton (Vaults:2)
  3 griffons
  2 necromancers
  16 orc knights
  2 deep elf conjurers (Vaults:3)
  5 red wasps
  8 human skeletons (Vaults:2)
  5 cyclopes
  Maurice (Orc:2)
  5 orc sorcerers
  A stone giant skeleton (Vaults:2)
  13 elephants
  2 fire giant skeletons (Vaults:2)
  10 vault sentinels
  A gargoyle (D:15)
  5 black mambas
  A feature mimic (D:10)
  5 kobold demonologists
  15 spiny frogs
  A catoblepas (Lair:8)
  19 demonic crawlers
  8 komodo dragons
  A troll (shapeshifter) (Vaults:3)
  3 fire drakes
  22 yaktaurs
  9 giant fireflies
  A moth of wrath (Spider:4)
  2 yaktaur skeletons (Vaults:2)
  9 freezing wraiths
  A centaur skeleton (D:12)
  3 trolls
  A hydra zombie (D:10)
  An iron troll skeleton (Vaults:2)
  Sonja (Swamp:1)
  9 giant leeches
  3 ravens
  A tengu simulacrum (Vaults:2)
  17 polar bears
  18 blink frogs
  Prince Ribbit (D:5)
  A brown ooze (shapeshifter) (Vaults:2)
  28 jumping spiders
  8 bog bodies
  2 deep elf priests
  A raiju (shapeshifter) (D:11)
  12 two-headed ogres
  A wind drake (shapeshifter) (Vaults:2)
  A basilisk (shapeshifter) (Vaults:3)
  A human zombie (Vaults:2)
  7 boulder beetles
  2 basilisks
  2 lindwurms
  A wyvern (D:8)
  32 slime creatures
  53 redbacks
  3 baby alligators (Swamp:2)
  55 yaks
  40 ugly things
  A spriggan (shapeshifter) (Vaults:3)
  4 shadows
  Eustachio (D:5)
  8 wraiths
  A vampire (D:13)
  Grum (D:10)
  10 hippogriffs
  A golden eye (shapeshifter) (Vaults:1)
  6 wargs
  A hill giant skeleton (D:8)
  2 hungry ghosts
  34 swamp worms
  29 wolves
  A mottled dragon (Vaults:1)
  20 trapdoor spiders
  An ogre zombie (D:15)
  27 vampire mosquitoes
  17 water moccasins
  4 elephant slugs
  A deep troll skeleton (Vaults:2)
  7 ice beasts
  10 porcupines
  3 deep elf fighters
  2 black bears
  2 necrophages
  32 spiders
  17 centaurs
  5 sharks
  9 swamp drakes
  A human simulacrum (Vaults:1)
  53 orc warriors
  3 phantoms
  A yellow wasp (Spider:5)
  21 ogres
  3 lava worms (Orc:4)
  4 boring beetles
  20 tarantellas
  Sigmund (D:2)
  A sky beast (D:14)
  A crocodile (shapeshifter) (D:13)
  12 giant frogs
  7 giant slugs
  2 big kobolds
  8 crocodiles
  A yaktaur zombie (D:14)
  5 insubstantial wisps (Swamp:1)
  2 gnoll sergeants
  2 cyclops skeletons
  2 cyclops zombies
  8 killer bees
  9 scorpions
  An eye of draining (D:12)
  An elf simulacrum (Vaults:2)
  10 wights
  A yak skeleton (D:8)
  A troll skeleton (D:10)
  4 crimson imps
  A giant frog zombie (D:9)
  4 goliath beetles
  A quasit (D:6)
  A basilisk zombie (D:14)
  12 big fish
  A human (shapeshifter) (Vaults:3)
  16 jellies
  Crazy Yiuf (D:5)
  A centaur zombie (D:7)
  10 electric eels
  11 iguanas
  25 orc priests
  6 worker ants
  A black bear skeleton (D:10)
  12 hounds
  34 orc wizards
  20 sheep
  A sky beast zombie (D:5)
  Ijyb (D:2)
  2 mummies
  A hound skeleton (D:5)
  27 adders
  33 gnolls
  27 green rats
  5 giant mites
  4 shadow imps
  10 worms
  An adder zombie (D:6)
  6 orc zombies
  4 orc skeletons
  9 giant geckos
  5 oozes
  183 orcs
  23 bats
  4 giant cockroaches
  39 goblins
  30 hobgoblins
  17 jackals
  34 kobolds
  14 quokkas
  2 ball pythons
  10 giant newts
  A goblin skeleton (D:4)
  20 rats
  17 ballistomycetes
  A fungus (Lair:5)
1871 creatures vanquished.

Vanquished Creatures (collateral kills)
  An orb spider (Spider:4)
  An orc knight (Orc:4)
  A jumping spider (Spider:4)
  A redback (Spider:4)
4 creatures vanquished.

Vanquished Creatures (others)
  An orb spider (Spider:4)
  A redback (Spider:3)
  A swamp worm (shapeshifter) (Vaults:1)
  2 centaurs (Vaults:2)
  An orc (Orc:1)
  2 giant spores
  A briar patch (Swamp:4)
  A bush (Lair:3)
  4 fungi
  10 plants
24 creatures vanquished.

Grand Total: 1899 creatures vanquished

Notes
Turn   | Place    | Note
--------------------------------------------------------------
     0 | D:1      | MDvedh, the Spriggan Enchanter, began the quest for the Orb.
     0 | D:1      | Reached XP level 1. HP: 9/9 MP: 4/4
    64 | D:1      | Reached XP level 2. HP: 2/13 MP: 8/8
   157 | D:1      | Learned a level 2 spell: Ensorcelled Hibernation
   369 | D:1      | Reached skill level 4 in Hexes
   737 | D:1      | Reached XP level 3. HP: 16/16 MP: 8/11
  1624 | D:2      | Noticed Ijyb
  1673 | D:2      | Killed Ijyb
  1673 | D:2      | Reached XP level 4. HP: 14/21 MP: 6/14
  1769 | D:2      | Learned a level 3 spell: Confuse
  1987 | D:2      | Noticed Sigmund
  1999 | D:2      | Killed Sigmund
  1999 | D:2      | Reached skill level 5 in Hexes
  1999 | D:2      | Reached XP level 5. HP: 20/24 MP: 8/17
  2839 | D:3      | Found a shadowy altar of Dithmenos.
  2850 | D:3      | Became a worshipper of Dithmenos the Shadowed
  3115 | D:3      | Found a blossoming altar of Fedhas.
  3763 | D:4      | Reached XP level 6. HP: 28/28 MP: 20/20
  3777 | D:4      | Found a white marble altar of Elyvilon.
  3890 | D:4      | Noticed an ogre
  3892 | D:4      | Noticed an ogre
  3910 | D:4      | Killed an ogre
  3910 | D:4      | Reached skill level 5 in Spellcasting
  3936 | D:4      | Killed an ogre
  3936 | D:4      | Reached skill level 5 in Short Blades
  4035 | D:4      | Noticed a phantom
  4090 | D:4      | Killed a phantom
  4090 | D:4      | Reached XP level 7. HP: 21/32 MP: 13/23
  4119 | D:4      | Reached skill level 6 in Spellcasting
  4517 | D:4      | Found a glowing golden altar of the Shining One.
  4574 | D:4      | Acquired Dithmenos' first power
  4684 | D:4      | Noticed Pikel
  4684 | D:4      | Noticed a slave
  4684 | D:4      | Noticed a slave
  4691 | D:4      | Noticed a slave
  4696 | D:4      | Noticed a slave
  5016 | D:5      | Entered Level 5 of the Dungeon
  5060 | D:5      | Found Boiryi's Food Shop.
  5068 | D:5      | Reached skill level 1 in Armour
  5079 | D:5      | Reached XP level 8. HP: 36/36 MP: 16/25
  5081 | D:5      | Bought 3 fruits for 58 gold pieces
  5081 | D:5      | Bought 3 fruits for 58 gold pieces
  5108 | D:5      | Noticed Prince Ribbit
  5153 | D:5      | Killed Prince Ribbit
  5153 | D:5      | Reached skill level 5 in Stealth
  5184 | D:5      | Reached skill level 7 in Short Blades
  5674 | D:5      | Noticed Eustachio
  5683 | D:5      | Killed Eustachio
  5683 | D:5      | Reached skill level 5 in Dodging
  5792 | D:5      | Found Igepias' Distillery.
  5798 | D:5      | Bought a potion of haste for 77 gold pieces
  5798 | D:5      | Bought a potion of paralysis for 11 gold pieces
  6012 | D:5      | Reached skill level 8 in Short Blades
  6413 | D:5      | Noticed Crazy Yiuf
  6419 | D:5      | Killed Crazy Yiuf
  6419 | D:5      | Reached XP level 9. HP: 39/39 MP: 27/27
  6632 | D:6      | Found a burning altar of Makhleb.
  6952 | D:7      | Found a staircase to the Ecumenical Temple.
  7588 | D:7      | Acquired Dithmenos' second power
  7588 | D:7      | Reached skill level 9 in Stealth
  7834 | D:7      | Learned a level 3 spell: Ozocubu's Armour
  7934 | D:8      | Noticed a fire drake
  7944 | D:8      | Killed a fire drake
  7945 | D:8      | Found a staircase to the Lair.
  7969 | D:8      | Reached skill level 10 in Stealth
  8609 | D:9      | Reached skill level 1 in Charms
  8612 | D:9      | Reached XP level 10. HP: 44/44 MP: 23/28
  8643 | D:9      | Found a staircase to the Orcish Mines.
  8857 | D:9      | Found an iron altar of Okawaru.
  8890 | D:9      | Reached skill level 11 in Stealth
  9009 | D:9      | Noticed a hill giant
  9030 | D:9      | Killed a hill giant
  9030 | D:9      | Acquired Dithmenos' third power
  9030 | D:9      | Reached skill level 10 in Short Blades
  9049 | D:9      | Reached skill level 10 in Dodging
  9556 | D:10     | Entered Level 10 of the Dungeon
  9559 | D:10     | Found a deep blue altar of Sif Muna.
  9560 | D:10     | Noticed Joseph
  9564 | D:10     | Killed Joseph
  9564 | D:10     | Reached skill level 1 in Fighting
  9666 | Lair:1   | Entered Level 1 of the Lair of Beasts
  9910 | Lair:1   | Reached skill level 12 in Stealth
 10150 | Lair:1   | Noticed a five-headed hydra
 10152 | Lair:1   | Killed a five-headed hydra
 10339 | Lair:1   | Learned a level 4 spell: Enslavement
 11039 | Lair:2   | Reached XP level 11. HP: 52/52 MP: 26/29
 11256 | Lair:2   | Reached skill level 13 in Stealth
 11277 | Lair:2   | Noticed a black mamba
 11329 | Lair:2   | Killed a black mamba
 11338 | Lair:2   | Got a pitted ivory ring
 11340 | Lair:2   | Identified the ring of Irru {Acc+3 SInv Stlth-} (You found it on level 2 of the Lair of Beasts)
 11575 | Lair:2   | Identified 2 scrolls of acquirement
 11731 | Lair:3   | Noticed Fannar
 11736 | Lair:3   | Killed Fannar
 11736 | Lair:3   | Reached skill level 5 in Fighting
 11795 | Lair:3   | Noticed a four-headed hydra
 11801 | Lair:3   | Killed a four-headed hydra
 11830 | Lair:3   | Noticed Nergalle
 11837 | Lair:3   | Killed Nergalle
 12028 | Lair:3   | Noticed Rupert
 12109 | Lair:3   | Paralysed by Rupert for 7 turns
 12173 | Lair:3   | Killed Rupert
 12725 | Lair:3   | Found a hole to the Spider Nest.
 12726 | Lair:3   | Noticed Maud
 13014 | Lair:3   | Reached XP level 12. HP: 62/64 MP: 26/30
 13250 | Lair:4   | Noticed a five-headed hydra
 13295 | Lair:4   | Killed a five-headed hydra
 13295 | Lair:4   | Reached skill level 14 in Stealth
 13632 | Lair:4   | Acquired Dithmenos' fourth power
 14554 | Lair:5   | Reached skill level 15 in Stealth
 15010 | Lair:5   | Found a staircase to the Swamp.
 15917 | Lair:6   | Noticed a seven-headed hydra
 16053 | Lair:6   | Killed a seven-headed hydra
 16262 | Lair:6   | Reached XP level 13. HP: 70/70 MP: 31/31
 16326 | Lair:6   | Reached skill level 15 in Dodging
 17356 | Lair:7   | Reached skill level 10 in Fighting
 17691 | Lair:7   | Found a staircase to the Slime Pits.
 18619 | Lair:8   | Entered Level 8 of the Lair of Beasts
 20059 | Lair:8   | Noticed a dire elephant
 20196 | Lair:8   | Killed a dire elephant
 21098 | Lair:8   | Reached XP level 14. HP: 79/79 MP: 29/31
 21498 | Orc:1    | Entered Level 1 of the Orcish Mines
 22100 | Orc:3    | Found a flagged portal.
 22185 | Bailey   | Entered a bailey
 22408 | Bailey   | Noticed an orc warlord
 22427 | Bailey   | Killed an orc warlord
 22826 | Orc:3    | Found Kecageul's Antique Armour Emporium.
 23405 | Orc:4    | Entered Level 4 of the Orcish Mines
 23419 | Orc:4    | Found Psubboatt's Distillery.
 23438 | Orc:4    | Found a staircase to the Elven Halls.
 23483 | Orc:4    | Found a labyrinth entrance.
 23500 | Lab      | Entered a labyrinth
 23902 | Lab      | Gained mutation: Your skin changes colour to match your surroundings (Stealth). [potion of beneficial mutation]
 23903 | Lab      | Gained mutation: Your muscles are strong. (Str +2) [potion of beneficial mutation]
 23932 | Lab      | Got a flickering golden ring
 23933 | Lab      | Got a jewelled short sword {venom}
 23951 | Lab      | Identified the Catalogue of the Traveller and Self-Knowledge
 24117 | Orc:4    | Identified the ring "Oluegusm" {rPois rN+} (You took it off a minotaur in a labyrinth)
 24130 | Orc:4    | Identified the +5,+7 short sword of Qiych {venom, Str+3 Dex+2} (You took it off a minotaur in a labyrinth)
 24579 | Orc:4    | Noticed Saint Roka
 25195 | Orc:4    | Found a roughly hewn altar of Beogh.
 25537 | Orc:4    | Killed Saint Roka
 25774 | Orc:4    | Found Sturph's Book Boutique.
 26117 | Orc:4    | Found Ployrgh's Antique Armour Boutique.
 26267 | Orc:4    | Found Toblier's Antique Weapon Boutique.
 26283 | Orc:4    | Found Sacifouh's General Store.
 26290 | Orc:4    | Bought a scroll of teleportation for 51 gold pieces
 26383 | Orc:4    | Found Qodgha Vufrou's Gadget Emporium.
 26515 | Orc:4    | Found Ghyttuod's Food Shop.
 26520 | Orc:4    | Reached skill level 10 in Hexes
 27039 | Orc:4    | Noticed Josephine
 27047 | Orc:4    | Killed Josephine
 27565 | D:10     | Noticed an unseen horror
 27580 | D:10     | Killed an unseen horror
 27777 | D:10     | Noticed Grum
 27836 | D:10     | Killed Grum
 27955 | D:10     | Found a portal to a secret trove of treasure.
 28407 | Orc:2    | Noticed Maurice
 28557 | Orc:2    | Killed Maurice
 28827 | Orc:4    | Bought a fire dragon armour for 1560 gold pieces
 28867 | Orc:4    | Bought a scroll of enchant armour for 127 gold pieces
 29446 | D:10     | Found Oczuall's General Store.
 29939 | D:11     | Found Efi Sud's Weapon Shoppe.
 31171 | D:13     | Reached XP level 15. HP: 84/84 MP: 32/32
 31431 | D:13     | Learned a level 4 spell: Passage of Golubria
 31493 | D:13     | Reached skill level 1 in Translocations
 31718 | D:13     | Found a gate to the Vaults.
 32869 | D:14     | Reached skill level 5 in Translocations
 32878 | D:14     | Found a frozen archway.
 32884 | IceCv    | Entered an ice cave
 33260 | IceCv    | Gained mutation: You are partially covered in icy blue scales (AC +1). [potion of beneficial mutation]
 33360 | IceCv    | Reached skill level 5 in Charms
 34005 | D:14     | Learned a level 6 spell: Mass Confusion
 35417 | D:15     | Entered Level 15 of the Dungeon
 36517 | D:15     | Found a staircase to the Depths.
 36545 | D:15     | Upgraded the game from 0.15-a0-1154-gddcb950 to 0.15-a0-1174-g8389a64
 36982 | Swamp:1  | Entered Level 1 of the Swamp
 37102 | Swamp:1  | Noticed Sonja
 37111 | Swamp:1  | Killed Sonja
 37199 | Swamp:1  | Noticed Aizul
 37234 | Swamp:1  | Killed Aizul
 37653 | Swamp:1  | Noticed Frances
 37655 | Swamp:1  | Killed Frances
 37655 | Swamp:1  | Reached XP level 16. HP: 88/88 MP: 31/36
 38020 | Swamp:2  | Reached skill level 10 in Spellcasting
 39131 | Swamp:3  | Noticed Nikola
 39470 | Swamp:3  | Killed Nikola
 40621 | Swamp:4  | Noticed Mara
 40623 | Swamp:4  | Killed Mara
 40623 | Swamp:4  | Reached skill level 16 in Dodging
 40642 | Swamp:4  | Noticed Wiglaf
 40676 | Swamp:4  | Killed Wiglaf
 41502 | Swamp:4  | Noticed Norris
 41517 | Swamp:4  | Killed Norris
 41857 | Swamp:5  | Entered Level 5 of the Swamp
 42772 | Swamp:5  | Reached skill level 17 in Dodging
 43017 | Swamp:5  | Got a decaying rune of Zot
 43088 | Swamp:3  | Reached XP level 17. HP: 94/94 MP: 39/39
 43274 | Lair:3   | Killed Maud
 43303 | Lair:3   | Noticed Erica
 43305 | Lair:3   | Killed Erica
 43325 | Spider:1 | Entered Level 1 of the Spider Nest
 44629 | D:10     | You paid a toll of a +4 fire dragon armour to enter a treasure trove
 44630 | Trove    | Entered a treasure trove
 44645 | Trove    | Got a slimy cloak
 44649 | Trove    | Identified the +3 cloak of Beqiaf {rF+ Int-3} (You found it in a treasure trove)
 44650 | Trove    | Got a twisted robe
 44656 | Trove    | Identified the +2 robe of Kotoage {Dex+3 Int+1 Acc+5} (You found it in a treasure trove)
 44676 | Trove    | Got a heavy robe
 44682 | Trove    | Identified the cursed -1 robe "Ryghut" {rElec rN+} (You found it in a treasure trove)
 44693 | Trove    | Got a jewelled buckler
 44697 | Trove    | Identified the +3 buckler "Efunier" {Dex-4 Int+4} (You found it in a treasure trove)
 44707 | Trove    | Got a distressingly furry buckler
 44711 | Trove    | Identified the -2 buckler of Pandemonium {+Fly rF++ Str+2 Stlth++} (You found it in a treasure trove)
 44717 | Trove    | Got a wizard robe
 44723 | Trove    | Identified the -5 robe "Kixtuok" {rElec rC+ Stlth- Curse} (You found it in a treasure trove)
 45144 | Swamp:3  | Identified a +0 rod of striking (12/12) (You found it on level 3 of the Lair of Beasts)
 45401 | Spider:1 | Reached skill level 1 in Shields
 47867 | Spider:4 | Reached skill level 18 in Dodging
 48804 | Spider:5 | Entered Level 5 of the Spider Nest
 50383 | Spider:5 | Reached skill level 5 in Shields
 50436 | Spider:5 | Reached skill level 19 in Dodging
 50623 | Spider:5 | Reached XP level 18. HP: 81/101 MP: 0/39
 50695 | Spider:5 | Got a gossamer rune of Zot
 51454 | Vaults:1 | Entered Level 1 of the Vaults
 51840 | Vaults:1 | Upgraded the game from 0.15-a0-1174-g8389a64 to 0.15-a0-1206-g3bad1a6
 53551 | Vaults:1 | Reached skill level 20 in Dodging
 54685 | Vaults:2 | Noticed Boris
 54687 | Vaults:2 | Killed Boris
 54718 | Vaults:2 | Noticed Frederick
 54746 | Vaults:2 | Killed Frederick
 55345 | Vaults:2 | Reached XP level 19. HP: 22/107 MP: 29/40
 56533 | Vaults:2 | Reached skill level 21 in Dodging
 56666 | Vaults:2 | Found a staircase to the Crypt.
 57019 | Vaults:2 | Reached skill level 15 in Fighting
 57324 | Vaults:3 | Learned a level 5 spell: Phase Shift
 57652 | Vaults:3 | Found Muasun's Antique Armour Shop.
 59154 | Vaults:3 | Reached skill level 10 in Shields
 59583 | Vaults:3 | Noticed Jory
 59624 | Vaults:3 | Killed from afar by Jory

Action                   |  1- 3 |  4- 6 |  7- 9 | 10-12 | 13-15 | 16-18 | 19-21 || total
-------------------------+-------+-------+-------+-------+-------+-------+-------++-------
Melee: Dagger            |   139 |   175 |   414 |   426 |       |       |       ||  1154
       Quick blade       |       |       |       |   472 |  2604 |  2343 |   798 ||  6217
Throw: Dart              |       |       |       |       |     6 |       |       ||     6
 Cast: Ensorcelled Hiber |    19 |    25 |    77 |   192 |   301 |   249 |    42 ||   905
       Corona            |       |     2 |       |       |       |       |       ||     2
       Confuse           |       |     7 |    23 |    18 |    57 |    86 |    21 ||   212
       Ozocubu's Armour  |       |       |       |     1 |       |       |       ||     1
       Enslavement       |       |       |       |       |     7 |     1 |       ||     8
       Mass Confusion    |       |       |       |       |     3 |    16 |    14 ||    33
Invok: Shadow Step       |       |       |       |     4 |     6 |    14 |     1 ||    25
Evoke: Wand              |       |     1 |     6 |       |    14 |     3 |       ||    24
  Use: Scroll            |       |     8 |     8 |    21 |    19 |    12 |     2 ||    70
       Potion            |       |     1 |       |       |    18 |     4 |     1 ||    24
 Stab: Sleeping          |    17 |    19 |    58 |   130 |   246 |   274 |    49 ||   793
       Confused          |       |     4 |    14 |     4 |    29 |    44 |    14 ||   109
       Distracted        |       |     2 |       |     4 |    25 |    10 |     2 ||    43
       Invisible         |       |       |    11 |       |    25 |     2 |       ||    38
       Fleeing           |       |       |       |     1 |       |       |       ||     1
